 Dungeon Crawl Stone Soup version 0.31.0-11-ge490571c62 (webtiles) character file.

Game seed: 3987845713853623001

202 solopath the Cudgeller (level 5, 0/54 HPs)
             Began as an Oni Berserker on Jan 29, 2024.
             Was a Priest of Trog.
             Killed by divine providence
             ... invoked by an orc priest
              (9 damage)
             ... on level 3 of the Dungeon.
             The game lasted 00:03:45 (2116 turns).

solopath the Cudgeller (Oni Berserker)              Turns: 2116, Time: 00:03:46

Health: 0/54       AC:  3    Str: 23    XL:     5   Next: 80%
Magic:  5/5        EV: 10    Int:  8    God:    Trog [***...]
Gold:   75         SH:  0    Dex:  8    Spells: 4/4 levels left

rFire   . . .        a - +0 mace
rCold   . . .        (no shield)
rNeg    . . .        b - +0 animal skin
rPois   .            (helmet restricted)
rElec   .            (no cloak)
rCorr   .            (gloves unavailable)
SInv    .            (boots unavailable)
Will    .....        h - amulet of regeneration
Stlth   +            (no ring)
HPRegen 1.09/turn    (no ring)
MPRegen 0.09/turn

%: no passive effects
@: confused
A: large, unfitting armour, horns 1, tough skin 1, double potion healing,
drunken brawling
a: Renounce Religion, Berserk, Trog's Hand


You were on level 3 of the Dungeon.
You worshipped Trog.
Trog was most pleased with you.
You visited 1 branch of the dungeon, and saw 3 of its levels.

You collected 75 gold pieces.

Inventory:

Hand Weapons
 a - a +0 mace (weapon)
Armour
 b - a +0 animal skin (worn)
Jewellery
 c - an amulet of guardian spirit
 h - an amulet of regeneration (around neck)
Scrolls
 d - a scroll of identify {unknown}
 f - a scroll of revelation {unknown}
 j - 2 scrolls of silence {unknown}
 l - a scroll of blinking {unknown}
 m - a scroll of immolation {unknown}
 o - a scroll of torment {unknown}
Potions
 e - a potion of cancellation {unknown}
 g - 2 potions of degeneration {unknown}
 i - 2 potions of curing {unknown}
 k - 2 potions of mutation {unknown}
 n - a potion of lignification {unknown}


   Skills:
 - Level 4.0 Fighting
 * Level 6.3 Maces & Flails
 - Level 2.6 Dodging


You had 4 spell levels left.
You didn't know any spells.
Your spell library was empty.

Dungeon Overview and Level Annotations

Branches:
Dungeon (3/15)

Altars:


Innate Abilities, Weirdness & Mutations

You are too large for most types of armour.
You have a pair of small horns on your head.
You have tough skin. (AC +1)
You gain doubled healing and magic from potions.
Whenever you drink a healing potion, you attack all around you.


Message History

The orc is heavily wounded.
You feel sick.
You are no longer poisoned.
The orc hits you with a +2 dagger of venom.
You are poisoned.
The orc wizard mumbles some strange words.
The orc wizard flickers and vanishes!
Deactivating autopickup; reactivate with Ctrl-A.
You sock the orc!
You kill the orc!
Trog accepts your kill.
You feel very sick.
You hit the orc but do no damage.
You feel sick. The orc closely misses you.
You sock the orc!
You kill the orc!
Trog accepts your kill.
You feel sick.
You hit the orc priest but do no damage.
You feel sick.
You feel sick. The orc priest completely misses you.
You hear some strange, mumbled words.
You are confused.
Items here: ( )) [ ††.
You are too confused!
You thump the orc priest!
You headbutt the orc priest, but do no damage.
The orc priest is heavily wounded.
You feel sick. The orc priest barely misses you.
You feel sick. Something hits you.
* * * LOW HITPOINT WARNING * * *
You hit something but do no damage.
You feel sick. Something hits you.
* * * LOW HITPOINT WARNING * * *
The orc priest hits you with a +0 falchion.
* * * LOW HITPOINT WARNING * * *
You feel sick.
You are no longer poisoned.
Something completely misses you.
The orc priest mumbles some strange prayers to Beogh against you.
Beogh smites you!
You die...

#..........#...#......
#..........#...#######
#..........#..........
#..........###########
#................[....
#................5....
#####o)###############
#.{....... #@........
#......... #.........
##########


You could see an orc priest.

Vanquished Creatures
  Natasha (thrice) (D:3)
  3 adders
  2 dart slugs
  8 orcs
  9 ball pythons
  8 endoplasms
  3 giant cockroaches
  12 goblins
  4 hobgoblins
  9 jackals
  2 quokkas
  6 bats
  A frilled lizard (D:2)
  8 kobolds
  3 rats
81 creatures vanquished.

Notes
Turn   | Place    | Note
-------+----------+-------------------------------------------
     0 | D:1      | solopath the Oni Berserker began the quest for the Orb.
     0 | D:1      | Reached XP level 1. HP: 24/24 MP: 1/1
   120 | D:1      | Reached XP level 2. HP: 30/32 MP: 2/2
   383 | D:1      | Reached skill level 4 in Maces & Flails
   440 | D:1      | Reached XP level 3. HP: 30/39 MP: 3/3
   979 | D:2      | Reached ** piety under Trog
  1234 | D:2      | Reached XP level 4. HP: 47/48 MP: 4/4
  1322 | D:2      | Reached skill level 5 in Maces & Flails
  1632 | D:3      | Noticed Natasha
  1689 | D:3      | Killed Natasha
  1690 | D:3      | Reached XP level 5. HP: 33/54 MP: 5/5
  1707 | D:3      | Reached *** piety under Trog
  1741 | D:3      | Noticed Natasha
  1759 | D:3      | Killed Natasha
  1760 | D:3      | Reached skill level 6 in Maces & Flails
  1910 | D:3      | Noticed Natasha
  1919 | D:3      | Killed Natasha
  1935 | D:3      | Found a faded altar of an unknown god.
  2116 | D:3      | Killed from afar by an orc priest

Illustrated notes

Levels and vault maps discovered:
D:1:      dpeg_arrival_rooms_b, layout_basic
D:2:      layout_basic, minmay_misc_feat_diagonals
D:3:      layout_basic, ebering_ecumenical_altar_mist, uniq_natasha

Skill      XL: |  1  2  3  4  5 |
---------------+----------------+-----
Maces & Flails | 4 5 6 |  6.3
Fighting       | |  4.0
Dodging        | |  2.6

Action                     |  1- 3 |  4- 6 || total
---------------------------+-------+-------++-------
  Melee: Mace              |   108 |   120 ||   228
         Headbutt          |     8 |    11 ||    19
         Punch             |     4 |     2 ||     6
 Armour: Animal skin       |    74 |   153 ||   227
  Dodge: Dodged            |    56 |   117 ||   173
